 Seeded DCSS version 0.30-a0-728-gc68057be0a (webtiles) character file.

Game seed: 5430720872467839093 (custom seed)

110 valliere the Insei (level 4, -3/31 HPs)
             Began as an Octopode Transmuter on Jan 30, 2023.
             Slain by a gnoll
             ... wielding a +0 flail
              (13 damage)
             ... on level 2 of the Dungeon.
             The game lasted 00:02:29 (1527 turns).

valliere the Insei (Octopode Transmuter)            Turns: 1527, Time: 00:02:29

Health: -3/31      AC:  1    Str: 17    XL:     4   Next: 91%
Magic:  6/7        EV: 12    Int: 15    God:
Gold:   1862       SH:  6    Dex: 10    Spells: 7/8 levels left

rFire   + . .      SeeInvis .      - Unarmed
rCold   + . .      Faith    .    m - +3 buckler of the Viny God {Contam rPois rF+ rN+}
rNeg    + . .      Spirit   .    (helmet currently unavailable)
rPois   +          Reflect  .    (no amulet)
rElec   .          Harm     .    i - +6 ring of strength
rCorr   .          Rampage  .    (no ring)
Will    .....                    (no ring)
Stlth   +++                      (no ring)
HPRegen 0.25/turn                (no ring)
MPRegen 0.10/turn                (no ring)
                                 (no ring)
                                 (no ring)

@: appendages
A: tentacle spike 3, almost no armour, amphibious, 8 rings, camouflage 2,
gelatinous body 1, (nimble swimmer 1), tentacles, clumsy 1, cold resistance 1,
robust 1
a: End Transformation


You were on level 2 of the Dungeon.
One of your tentacles had grown a beastly spike.
You visited 1 branch of the dungeon, and saw 2 of its levels.

You collected 1862 gold pieces.

Inventory:

Armour
 m - the +3 buckler of the Viny God (worn) {Contam rPois rF+ rN+}
   (You acquired it on level 2 of the Dungeon)

   rF:        It protects you from fire.
   rPois:     It protects you from poison.
   rN:        It protects you from negative energy.
   Contam:    It causes magical contamination when unequipped.
Jewellery
 i - a +6 ring of strength (left tentacle)
 l - the amulet of the Jolly Violins {Acrobat Harm Rampage Str+2}
   (You acquired it on level 2 of the Dungeon)

   [amulet of the acrobat]

   It increases your evasion while moving and waiting.
   Str:       It affects your strength (+2).
   Harm:      It increases damage dealt and taken.
   Rampage:   It bestows one free step when moving towards enemies.
 p - a ring of protection from cold
Scrolls
 b - a scroll of teleportation {unknown}
 d - 3 scrolls of amnesia {unknown}
 f - a scroll of noise {unknown}
 g - a scroll of torment {unknown}
 h - a scroll of identify {unknown}
 j - a scroll of brand weapon {unknown}
 k - a scroll of enchant armour {unknown}
 n - a scroll of fog {unknown}
 o - a scroll of immolation {unknown}
Potions
 a - a potion of lignification
 c - a potion of attraction {unknown}
 e - 2 potions of curing {unknown}


   Skills:
 + Level 2.1 Fighting
 + Level 2.7 Dodging
 + Level 3.5 Unarmed Combat
 + Level 2.6 Spellcasting
 + Level 2.8 Transmutations


You had 7 spell levels left.
You knew the following spells:

 Your Spells              Type           Power      Damage    Failure   Level
a - Beastly Appendage     Tmut           20%        N/A       9%          1

Your spell library contained the following spells:

 Spells                   Type           Power      Damage    Failure   Level
 Wereblood                Tmut           10%        N/A       13%         2
 Spider Form              Tmut/Pois      6%         N/A       43%         3
 Ice Form                 Ice/Tmut       6%         N/A       83%         4


Dungeon Overview and Level Annotations

Branches:
Dungeon (2/15)

Altars:


Innate Abilities, Weirdness & Mutations

One of your tentacles has grown a beastly spike.
You cannot wear most types of armour.
You are amphibious.
You can wear up to eight rings at the same time.
Your skin blends seamlessly with your surroundings (Stealth++).
Your rubbery body absorbs attacks. (AC +1, EV +1)
((You are camouflaged when in or above water. (Stealth+)))
You have tentacles for arms and can constrict up to eight enemies at once.
You are clumsy. (Dex -2)
Your flesh is cold resistant. (rC+)
You are robust. (+10% HP)


Message History

No target in view!
Your tentacle spike disappears.
Found a stone staircase leading up.
There is a stone staircase leading up here.
A gnoll comes into view. It is wielding a +0 club.
The gnoll shouts!
You hear a shout! x2
A gnoll is nearby!
The gnoll closely misses you.
A gnoll is nearby!
You barely miss the gnoll. You grab the gnoll. You constrict the gnoll.
The gnoll closely misses you.
A gnoll is nearby!
You tentacle-slap the gnoll but do no damage.
The gnoll is lightly wounded.
You constrict the gnoll. The gnoll hits you with a +0 club.
You tentacle-slap the gnoll.
The gnoll is heavily wounded.
You constrict the gnoll. You block the gnoll's attack.
A gnoll is nearby!
You tentacle-slap the gnoll but do no damage.
You squeeze the gnoll.
You kill the gnoll!
A gnoll comes into view. It is wielding a +0 flail.
A gnoll comes into view. It is wielding a +0 whip.
You see here a +0 club.
There are monsters nearby!
You block the gnoll's attack. x2
There are monsters nearby!
You tentacle-slap the gnoll. You grab the gnoll.
The gnoll is moderately wounded.
You constrict the gnoll. The gnoll completely misses you.
The gnoll hits you with a +0 flail!
You are too injured to fight recklessly!
You are too injured to fight recklessly!
Casting: Beastly Appendage (safe; 9% risk of failure)
Confirm with . or Enter, or press ? or * to list all spells.
One of your tentacles grows a vicious spike.
You constrict the gnoll. The gnoll hits you with a +0 whip.
The gnoll hits you with a +0 flail!
You die...

############
#.<........#
#.########.# ####
#.########.######
....##.#..............#
#....###.#............
#..#g.#..#.####.####.#
#...g@)....# #.# #..
#...##.....### #.# #.#
#. ##........ ..# #.#
########### ### #.# ..#
#.# #######)# #.# #..
.[#....#### #.# #..#.
#.#.##....# #.#
#....##.#.......## #.#


You could see 2 gnolls.

Vanquished Creatures
  A necrophage (D:2)
  A gnoll (D:2)
  An adder (D:2)
  3 bats
  5 endoplasms
  2 hobgoblins
  4 jackals (D:1)
  5 kobolds
  2 quokkas (D:1)
  2 ball pythons (D:1)
  A frilled lizard (D:2)
  4 goblins
  A rat (D:1)
32 creatures vanquished.

Notes
Turn   | Place    | Note
-------+----------+-------------------------------------------
     0 | D:1      | valliere the Octopode Transmuter began the quest for the
                  | Orb.
     0 | D:1      | Reached XP level 1. HP: 13/13 MP: 3/3
    70 | D:1      | Reached XP level 2. HP: 17/18 MP: 5/5
    70 | D:1      | Gained mutation: Your skin blends seamlessly with your
                  | surroundings (Stealth++). [potion of mutation]
    70 | D:1      | Gained mutation: Your flesh is cold resistant. (rC+)
                  | [potion of mutation]
    70 | D:1      | Gained mutation: You are clumsy. (Dex -2) [potion of
                  | mutation]
    70 | D:1      | Gained mutation: You are robust. (+10% HP) [potion of
                  | mutation]
   925 | D:1      | Reached XP level 3. HP: 23/25 MP: 4/6
  1064 | D:2      | Identified 3 scrolls of acquirement
  1064 | D:2      | Acquired the amulet of the Jolly Violins {Acrobat Harm
                  | Rampage Str+2}
  1066 | D:2      | Acquired the +3 buckler of the Viny God {Contam rPois rF+
                  | rN+}
  1068 | D:2      | Acquired 700 gold pieces
  1374 | D:2      | Noticed a necrophage
  1379 | D:2      | Killed a necrophage
  1380 | D:2      | Reached XP level 4. HP: 23/31 MP: 5/7
  1470 | D:2      | Acquired 1093 gold pieces
  1527 | D:2      | Slain by a gnoll

Illustrated notes

Levels and vault maps discovered:
D:1:      dpeg_arrival_boxes_within_box, layout_basic
D:2:      layout_loops_ring, serial_shops, shop, nicolae_kite_square_tiling_tiny

Skill      XL: |  1  2  3 |
---------------+----------+-----
Fighting       | 2 |  2.1
Dodging        | |  2.7
Unarmed Combat | |  3.5
Spellcasting   | |  2.6
Transmutations | |  2.8

Action                     |  1- 3 |  4- 6 || total
---------------------------+-------+-------++-------
  Melee: Unarmed           |    62 |     7 ||    69
         Constrict         |    18 |     2 ||    20
         Kick              |    16 |     1 ||    17
         Tentacles         |     4 |     1 ||     5
         Punch             |     2 |       ||     2
   Cast: Beastly Appendage |    18 |     2 ||    20
    Use: Potion            |     1 |       ||     1
         Scroll            |     3 |     1 ||     4
   Stab: Sleeping          |     9 |       ||     9
 Armour: Skin              |     4 |       ||     4
  Dodge: Dodged            |    21 |     3 ||    24
  Block: Buckler           |     5 |     3 ||     8

Table legend: (Time is in decaauts)
 A = Elapsed time spent in this place.
 B = Non-inter-level travel time spent in this place.
 C = Inter-level travel time spent in this place.
 D = Time resting spent in this place.
 E = Time spent auto-exploring this place.
 F = Levels seen in this place.
 G = Mean time per level.
                   A        B        C        D        E       F      G
               +--------+--------+--------+--------+--------+-----+--------+
         Total |   1523 |   1454 |     69 |      0 |   1195 |   2 |  761.5 |
       Dungeon |   1523 |   1454 |     69 |      0 |   1195 |   2 |  761.5 |
               +--------+--------+--------+--------+--------+-----+--------+

Top non-repeatable levels by time:
     D:1: 1041 daAuts
     D:2: 482 daAuts
